 Dungeon Crawl Stone Soup version 0.23.1-41-g7e51ed3 (webtiles) character file.

Game seed: 15126611066408958994

149 Borgoz the Cutter (level 5, -12/33 HPs)
             Began as a Kobold Monk on Mar 29, 2019.
             Shot with an arrow by a centaur (14 damage)
             ... on level 4 of the Dungeon.
             The game lasted 00:04:41 (3159 turns).

Borgoz the Cutter (Kobold Monk)                     Turns: 3159, Time: 00:04:42

Health: -12/33     AC:  3    Str: 10    XL:     5   Next: 56%
Magic:  5/5        EV: 17    Int: 11    God:
Gold:   171        SH:  0    Dex: 17    Spells: 4/4 levels left

rFire    . . .     SeeInvis .   l - +0 dagger (protect)
rCold    . . .     Gourm    .   (shield restricted)
rNeg     . . .     Faith    .   b - +0 robe
rPois    .         Spirit   .   (no helmet)
rElec    .         Reflect  .   v - scarf {cloud immunity}
rCorr    .         Harm     .   t - +0 pair of gloves
MR       +....                  (no boots)
Stlth    +++.......             (no amulet)
HPRegen  0.11/turn              g - ring of protection from magic
MPRegen  0.09/turn              (no ring)

@: no status effects
A: small, carnivore
a: no special abilities


You were on level 4 of the Dungeon.
You were completely stuffed.

You visited 1 branch of the dungeon, and saw 4 of its levels.

You collected 171 gold pieces.

Inventory:

Hand Weapons
 a - a +0 short sword
 l - a +0 dagger of protection (weapon)
Missiles
 h - 46 bolts
Armour
 b - a +0 robe (worn)
 t - a +0 pair of gloves (worn)
 v - a scarf of cloud immunity (worn)
Jewellery
 g - a ring of protection from magic (left hand)
Wands
 d - a wand of iceblast (6)
Scrolls
 j - 2 scrolls of random uselessness {unknown}
 n - a scroll of amnesia {unknown}
 o - 2 scrolls of magic mapping {unknown}
 p - 5 scrolls of remove curse {unknown}
 q - a scroll of fear {unknown}
 s - 2 scrolls of identify {unknown}
 u - 2 scrolls of enchant armour {unknown}
 x - a scroll of teleportation {unknown}
Potions
 e - a potion of agility {unknown}
 f - 2 potions of brilliance {unknown}
 i - 3 potions of curing {unknown}
 k - 2 potions of lignification {unknown}
 m - a potion of heal wounds {unknown}
 r - 2 potions of cancellation {unknown}
Comestibles
 c - 9 rations


   Skills:
 + Level 3.7 Fighting
 * Level 5.2 Short Blades
 * Level 1.8 Armour
 * Level 4.6 Dodging
 + Level 3.5 Stealth


You had 4 spell levels left.
You didn't know any spells.
Your spell library was empty.

Dungeon Overview and Level Annotations

Branches:
Dungeon (4/15)             Temple (0/1) D:4

Altars:


Innate Abilities, Weirdness & Mutations

You are small and have problems with some larger weapons.
You are carnivorous and can eat meat at any time.


Message History

Found a cyan potion.
Found a staircase to the Ecumenical Temple.
There is a stone staircase leading up here.
There are monsters nearby!
The centaur shouts!
The centaur wields a +0 shortbow.
The centaur shoots an arrow.
The arrow hits you!
You see here an arrow.
The ogre shouts!
The centaur shoots an arrow.
The arrow hits you!
A phantom comes into view.
Found a stone staircase leading up.
You see here an arrow.
You are too injured to fight recklessly!
You are too injured to fight recklessly!
Unknown command.
The centaur shoots an arrow.
The arrow hits you!
* * * LOW HITPOINT WARNING * * *
The centaur shoots an arrow.
The arrow hits you!
You die...

# #. .## .< #.
#####.##########
...O....<.......
###...@....####
#..#(..##..#
#....#.#..#....
....#.c#....#
... #.
.W##....#.. ##
!.. .>.....# ##.
....##..# #
...#. #.# .#. .#


You could see a phantom, an ogre and a centaur.

Vanquished Creatures
  A hound (D:2)
  Ijyb (D:3)
  A worker ant (D:3)
  3 adders (D:3)
  A worm (D:3)
  A dart slug (D:1)
  2 leopard geckos
  3 ball pythons
  3 giant cockroaches
  3 goblins
  5 hobgoblins
  4 jackals
  3 bats
  A frilled lizard (D:2)
  3 kobolds
  3 rats
38 creatures vanquished.

Notes
Turn   | Place    | Note
-------+----------+-------------------------------------------
     0 | D:1      | Borgoz the Kobold Monk began the quest for the Orb.
     0 | D:1      | Reached XP level 1. HP: 14/14 MP: 1/1
   250 | D:1      | Reached XP level 2. HP: 16/19 MP: 2/2
   947 | D:2      | Reached skill level 1 in Armour
   947 | D:2      | Reached XP level 3. HP: 16/23 MP: 3/3
  1040 | D:2      | Reached XP level 4. HP: 28/28 MP: 4/4
  2716 | D:3      | Noticed Ijyb
  2861 | D:3      | Killed Ijyb
  2861 | D:3      | Reached skill level 5 in Short Blades
  2861 | D:3      | Reached XP level 5. HP: 25/33 MP: 5/5
  3156 | D:4      | Found a staircase to the Ecumenical Temple.
  3156 | D:4      | Noticed an ogre
  3156 | D:4      | Noticed a centaur
  3158 | D:4      | Noticed a phantom
  3159 | D:4      | Shot with an arrow by a centaur

Skill      XL: |  1  2  3  4 |
---------------+-------------+-----
Armour         | 1 |  1.8
Dodging        | 4 |  4.6
Stealth        | 3 |  3.5
Short Blades   | 5 |  5.2
Fighting       | |  3.7

Action                   |  1- 3 |  4- 6 || total
-------------------------+-------+-------++-------
Melee: Short sword       |    25 |       ||    25
       Dagger            |    77 |   295 ||   372
 Stab: Sleeping          |     1 |     5 ||     6
  Eat: Chunk             |     8 |     8 ||    16
Armor: Robe              |    18 |    65 ||    83
Dodge: Dodged            |    74 |   171 ||   245
